 Dungeon Crawl Stone Soup version 0.20.1-1-g8b1a95d (webtiles) character file.

1565 manyhoops the Gusty (level 8, 0/57 HPs)
             Began as a Demigod Air Elementalist on Aug 20, 2017.
             Slain by a hound (4 damage)
             ... on level 6 of the Dungeon.
             The game lasted 00:13:47 (5935 turns).

manyhoops the Gusty (Demigod Air Elementalist)      Turns: 5935, Time: 00:13:48

Health: 0/57       AC:  3    Str:  9    XL:     8   Next: 33%
Magic:  3/19       EV: 12    Int: 23    God:
Gold:   299        SH:  0    Dex: 18    Spells: 7/17 levels left

rFire    . . .     SeeInvis .   s - +0 dagger (venom)
rCold    . . .     Gourm    .   (no shield)
rNeg     . . .     Faith    .   a - +0 robe
rPois    .         Spirit   .   (helmet restricted)
rElec    .         Reflect  .   (no cloak)
rCorr    .         Harm     .   k - +0 pair of gloves
MR       .....                  (no boots)
Stlth    +++.......             (no amulet)
Regen    0.2/turn               e - ring of wizardry
MPRegen  0.2/turn               t - ring of stealth

@: no status effects
A: beak, agile 1, blurry vision 1, high mp 1, weak 1
a: no special abilities


You were on level 6 of the Dungeon.
You were not hungry.

You visited 1 branch of the dungeon, and saw 6 of its levels.

You collected 299 gold pieces.

Inventory:

Hand Weapons
 s - a +0 dagger of venom (weapon)
Armour
 a - a +0 robe (worn)
 k - a +0 pair of gloves (worn)
 B - a cursed +0 helmet
Jewellery
 e - a ring of wizardry (left hand)
 t - a ring of stealth (right hand)
Wands
 n - a wand of digging (10/24)
 x - a wand of flame (21/48)
Scrolls
 d - a scroll of amnesia
 i - 3 scrolls of immolation
 m - 3 scrolls of remove curse
 p - a scroll of teleportation
 w - a scroll of noise {unknown}
 y - a scroll of recharging
 D - a scroll of fear
Potions
 f - a potion of lignification {unknown}
 g - a potion of curing
 h - a potion of flight {unknown}
 j - a potion of ambrosia
 l - a potion of berserk rage {unknown}
 o - a potion of brilliance {unknown}
 q - a potion of haste {unknown}
 r - 2 potions of heal wounds {unknown}
 u - a potion of cancellation {unknown}
 z - a potion of resistance
 A - a potion of invisibility {unknown}
Books
 b - a book of Air

   Spells                             Type                      Level
   a - Shock                          Conjuration/Air              1
   b - Swiftness                      Charms/Air                   2
   c - Static Discharge               Conjuration/Air              3
   d - Airstrike                      Air                          4
   e - Lightning Bolt                 Conjuration/Air              5
Comestibles
 c - 5 bread rations
 v - 2 royal jellies
 C - 5 chunks of flesh


   Skills:
 - Level 0.1 Fighting
 - Level 0.6 Short Blades
 - Level 1.7 Dodging
 - Level 1.7 Stealth
 + Level 0.3 Unarmed Combat
 - Level 5.0 Spellcasting
 * Level 5.2 Conjurations
 + Level 6.9 Air Magic


You had 7 spell levels left.
You knew the following spells:

 Your Spells              Type           Power        Failure   Level  Hunger
a - Shock                 Conj/Air       ####         1%          1    None
b - Swiftness             Chrm/Air       ###.....     1%          2    None
c - Static Discharge      Conj/Air       ####....     1%          3    ##.....
d - Airstrike             Air            #####.....   2%          4    ####...


Dungeon Overview and Level Annotations

Branches:
Dungeon (6/15)
 Temple: D:4-7

Annotations:
D:4 dscm's ghost, amateur OpEE
D:5 1 runed door


Innate Abilities, Weirdness & Mutations

You have an increased reservoir of magic. (+10% MP)
You have a beak for a mouth.
You are agile. (Dex +2)
Scrolls take you a little longer to read.
You are weak. (Str -2)


Message History

Aiming: Airstrike
Press: ? - help, Dir - move target cursor, f/p - orc warrior
Aim: an orc warrior, wielding a glaive and wearing a plate armour (severely wounded)
The air twists around and strikes the orc warrior!
The orc warrior is almost dead.
You hear a bark!
The orc warrior hits you from afar with a glaive!!
* * * LOW HITPOINT WARNING * * *
A hound comes into view.
Casting: Airstrike
Confirm with . or Enter, or press ? or * to list all spells.
Aiming: Airstrike
Press: ? - help, Dir - move target cursor, f/p - orc warrior
Aim: an orc warrior, wielding a glaive and wearing a plate armour (almost dead)
The air twists around and strikes the orc warrior!
You kill the orc warrior!
Really read with blurry vision while enemies are nearby?
You begin reading the scroll.
You continue reading the scroll.
The hound bites you.
You die...

###########
#.........# ####
#.........######...
#..................
#.........########.
...####........≈≈≈≈≈#
PP
#...o)h@......≈###§
#P..
#....o####..###≈#
#≈#.P.. .....
##.<..≈#+#≈..P.. ....
#####≈≈.≈§..PPP ...
#.......... ..
#....§..... .
#..........
#....>)....
######..........


You could see a hound and 2 orcs.

Vanquished Creatures
  Sigmund (D:3)
  An orc warrior (D:6)
  2 ogres
  A bullfrog (D:6)
  2 scorpions (D:5)
  2 water moccasin skeletons (D:4)
  A crimson imp (D:4)
  2 orc priests
  3 hounds
  8 orc wizards (D:4)
  A gnoll shaman (D:6)
  An iguana (D:4)
  4 worker ants
  A hound zombie (D:5)
  Robin (D:3)
  A howler monkey skeleton (D:4)
  7 gnolls
  8 adders
  A shadow imp (D:6)
  An ooze (D:4)
  A worm (D:3)
  5 leopard geckos
  25 orcs
  A ball python (D:3)
  5 bats
  9 giant cockroaches
  11 goblins
  7 hobgoblins
  4 jackals (D:2)
  A quokka (D:5)
  A ball python skeleton (D:5)
  4 frilled lizards
  A jackal zombie (D:6)
  5 kobolds
  A quokka skeleton (D:5)
  13 rats
143 creatures vanquished.

Vanquished Creatures (others)
  2 fungi (D:6)
2 creatures vanquished.

Grand Total: 145 creatures vanquished

Notes
Turn   | Place    | Note
-------+----------+-------------------------------------------
     0 | D:1      | manyhoops the Demigod Air Elementalist began the quest for the Orb.
     0 | D:1      | Reached XP level 1. HP: 14/14 MP: 5/5
   191 | D:1      | Reached skill level 3 in Air Magic
   719 | D:2      | Reached XP level 2. HP: 20/20 MP: 4/7
   878 | D:2      | Learned a level 2 spell: Swiftness
  1457 | D:2      | Reached XP level 3. HP: 26/26 MP: 0/8
  2023 | D:2      | Reached skill level 1 in Conjurations
  2100 | D:3      | Learned a level 3 spell: Static Discharge
  2126 | D:3      | Reached XP level 4. HP: 33/33 MP: 0/10
  2152 | D:3      | Reached skill level 4 in Air Magic
  2584 | D:3      | Found a faded altar of an unknown god.
  2681 | D:3      | Noticed Robin
  2700 | D:3      | Killed Robin
  3035 | D:3      | Reached XP level 5. HP: 38/38 MP: 7/12
  3097 | D:3      | Noticed Sigmund
  3153 | D:4      | Noticed an ogre
  3369 | D:4      | Learned a level 4 spell: Airstrike
  3371 | D:4      | Killed an ogre
  3371 | D:4      | Reached XP level 6. HP: 45/45 MP: 3/14
  3643 | D:4      | Noticed dscm's ghost (amateur OpEE)
  3678 | D:4      | Reached skill level 5 in Air Magic
  3831 | D:4      | Reached XP level 7. HP: 39/50 MP: 13/17
  4079 | D:4      | Reached skill level 5 in Spellcasting
  4564 | D:3      | Killed Sigmund
  4709 | D:3      | Found an ancient bone altar of Kikubaaqudgha.
  4800 | D:3      | Found a glowing golden altar of the Shining One.
  4896 | D:4      | Found a hazy altar of Hepliaklqana.
  4979 | D:5      | Entered Level 5 of the Dungeon
  5045 | D:5      | Found a deep blue altar of Sif Muna.
  5106 | D:5      | Reached skill level 6 in Air Magic
  5339 | D:5      | Gained mutation: You are frail. (-10% HP) [potion of mutation]
  5339 | D:5      | Gained mutation: You can translocate small distances at will. [potion of mutation]
  5339 | D:5      | Gained mutation: Your muscles are strong. (Str +2) [potion of mutation]
  5340 | D:5      | Lost mutation: You are frail. (-10% HP) [potion of mutation]
  5340 | D:5      | Lost mutation: You can translocate small distances at will. [potion of mutation]
  5340 | D:5      | Lost mutation: Your muscles are strong. (Str +2) [potion of mutation]
  5340 | D:5      | Gained mutation: You are agile. (Dex +2) [potion of mutation]
  5340 | D:5      | Gained mutation: Scrolls take you a little longer to read. [potion of mutation]
  5340 | D:5      | Gained mutation: You are weak. (Str -2) [potion of mutation]
  5340 | D:5      | Gained mutation: You have a beak for a mouth. [potion of mutation]
  5353 | D:5      | Reached XP level 8. HP: 54/57 MP: 13/19
  5611 | D:5      | Found a glowing silver altar of Zin.
  5611 | D:5      | Noticed an angel
  5612 | D:5      | Found a runed door.
  5753 | D:6      | Reached skill level 5 in Conjurations
  5888 | D:6      | Found a sparkling altar of Nemelex Xobeh.
  5935 | D:6      | Slain by a hound

Skill      XL: |  1  2  3  4  5  6  7  8 |
---------------+-------------------------+-----
Air Magic      | 3 4 5 6 |  6.9
Spellcasting   | 2 3 4 5 |  5.0
Conjurations   | 1 2 4 5 |  5.2
Fighting       | |  0.1
Short Blades   | |  0.6
Dodging        | |  1.7
Stealth        | |  1.7
Unarmed Combat | |  0.3

Action                   |  1- 3 |  4- 6 |  7- 9 || total
-------------------------+-------+-------+-------++-------
Melee: Dagger            |    39 |    25 |    25 ||    89
       Unarmed           |     5 |       |       ||     5
       Peck              |       |       |     1 ||     1
 Cast: Shock             |    69 |   112 |   119 ||   300
       Airstrike         |       |     2 |    22 ||    24
       Static Discharge  |       |     1 |       ||     1
Evoke: Wand              |       |     1 |       ||     1
  Use: Scroll            |     5 |     4 |     1 ||    10
       Potion            |       |       |     4 ||     4
 Stab: Sleeping          |     1 |       |     3 ||     4
  Eat: Chunk             |     4 |     4 |     4 ||    12
       Royal jelly       |       |     1 |       ||     1
       Meat ration       |       |       |     1 ||     1
Armor: Robe              |    20 |     9 |     5 ||    34
Dodge: Dodged            |    46 |    26 |    21 ||    93
